 Dungeon Crawl Stone Soup version 0.25-a0-492-g44cc58d149 (webtiles) character file.

Game seed: 16924838099985197022, levelgen mode: deterministic

526 Error4North the Shield-Bearer (level 7, -11/59 HPs)
             Began as a Hill Orc Fighter on Feb 11, 2020.
             Killed from afar by Ijyb (14 damage)
             ... with a bolt of acid
             ... on level 3 of the Dungeon.
             The game lasted 00:11:02 (4039 turns).

Error4North the Shield-Bearer (Hill Orc Fighter)    Turns: 4039, Time: 00:11:02

Health: -11/59     AC: 13    Str: 24 (25) XL:     7   Next: 23%
Magic:  8/8        EV:  5    Int:  7 (8)  God:
Gold:   68         SH: 10    Dex: 11      Spells: 8/8 levels left

rFire    . . .     SeeInvis .   a - +0 war axe
rCold    . . .     Gourm    .   c - +0 kite shield
rNeg     . . .     Faith    .   q - +0 plate armour
rPois    .         Spirit   .   (no helmet)
rElec    .         Reflect  .   (no cloak)
rCorr    .         Harm     .   (no gloves)
MR       +....                  (no boots)
Stlth    ..........             k - amulet of rage
HPRegen  0.19/turn              n - +5 ring of protection (curse)
MPRegen  0.11/turn              j - ring of protection from magic

@: mighty, lethally poisoned (-11 -> -23), corroded
A: no striking features
a: Evoke Berserk Rage


You were on level 3 of the Dungeon.
You were very hungry.

You visited 1 branch of the dungeon, and saw 3 of its levels.

You collected 68 gold pieces.

Inventory:

Hand Weapons
 a - a +0 war axe (weapon)
 e - a +0 club
Missiles
 d - 4 boomerangs (quivered)
Armour
 c - a +0 kite shield (worn)
 q - a +0 plate armour (worn)
Jewellery
 b - a +1 ring of protection
 j - a ring of protection from magic (right hand)
 k - an amulet of rage (around neck)
 n - a cursed +5 ring of protection (left hand)
Scrolls
 h - 3 scrolls of magic mapping {unknown}
 i - 2 scrolls of enchant armour {unknown}
 l - a scroll of noise {unknown}
 m - a scroll of fear {unknown}
 o - 2 scrolls of teleportation {unknown}
 p - a scroll of immolation {unknown}
 r - 2 scrolls of fog {unknown}
 s - 2 scrolls of enchant weapon {unknown}
 u - a scroll of amnesia {unknown}
Comestibles
 f - 7 rations


   Skills:
 * Level 4.2 Fighting
 + Level 4.8 Axes
 + Level 0.2 Throwing
 * Level 5.2 Armour
 + Level 0.3 Dodging
 * Level 5.8 Shields
 * Level 1.0 Spellcasting
 * Level 1.6 Evocations


You had 8 spell levels left.
You didn't know any spells.
Your spell library was empty.

Dungeon Overview and Level Annotations

Branches:
Dungeon (3/15)

Altars:
Ashenzari
Cheibriados
Elyvilon
Fedhas
Zin

Annotations:
D:3 Ijyb


Message History

You feel sick.
You feel sick.
You feel very mighty all of a sudden.
You feel sick.
Your shield and plate armour prevent you from hitting Ijyb.
You feel sick. You block Ijyb's attack.
You slash Ijyb!
Ijyb is heavily wounded.
You feel sick. Ijyb hits you but does no damage.
You are lethally poisoned!
You block Ijyb's attack.
You closely miss Ijyb.
Ijyb is heavily wounded.
* * * LOW HITPOINT WARNING * * *
You feel sick. Ijyb barely misses you.
You slash Ijyb!
Ijyb is severely wounded.
* * * LOW HITPOINT WARNING * * *
You feel sick.
Ijyb zaps a wand.
The bolt of acid hits you!
You die...

#....##....# #..# #'##
#....####'## ##.##
##รท.##### ######
#<#### #..# #....##..
....# ####.# ##.#
####....').. ..b.# #.#
#.# ##..##..##...
<...+ #.#
#.###....'#####..
.(..# #.#
#..##....##[(.##'
....#
#.#####.###..##.....##
....#
#)).g@...##'##.......'
....#
#.#####.##..##...8...#
.#### ...#
#.#....+[).....# .#
###.# #.#....##.....##
.### #.#
#.##..#'##(..##. ...+
..# #..####..#####'.
####
#.######...#....##.)##
#. #.......#....'....#
###
#.#####<##..##....#


You could see Ijyb.

Vanquished Creatures
  Sigmund (D:3)
  A crimson imp (D:3)
  A gnoll shaman (D:3)
  A jelly (D:3)
  2 orc wizards (D:3)
  A worker ant (D:3)
  7 gnolls (D:3)
  5 adders
  An ooze (D:2)
  4 worms
  2 dart slugs (D:1)
  A leopard gecko (D:2)
  5 orcs (D:3)
  4 giant cockroaches
  6 goblins
  11 hobgoblins
  10 kobolds
  A quokka (D:3)
  5 bats
  5 frilled lizards
  7 rats
81 creatures vanquished.

Notes
Turn   | Place    | Note
-------+----------+-------------------------------------------
     0 | D:1      | Error4North the Hill Orc Fighter began the quest for the
                  | Orb.
     0 | D:1      | Reached XP level 1. HP: 19/19 MP: 1/1
   213 | D:1      | Reached XP level 2. HP: 26/26 MP: 2/2
  1006 | D:2      | Reached XP level 3. HP: 29/33 MP: 3/3
  1111 | D:2      | Found a shattered altar of Ashenzari.
  1111 | D:2      | Found a white marble altar of Elyvilon.
  1116 | D:2      | Found a glowing silver altar of Zin.
  1118 | D:2      | Found a snail-covered altar of Cheibriados.
  1119 | D:2      | Found a faded altar of an unknown god.
  1728 | D:2      | Reached XP level 4. HP: 40/40 MP: 4/4
  1916 | D:2      | Found a faded altar of an unknown god.
  2043 | D:2      | Found a blossoming altar of Fedhas.
  2267 | D:3      | Reached XP level 5. HP: 34/46 MP: 5/5
  2679 | D:3      | Reached XP level 6. HP: 46/52 MP: 6/6
  2731 | D:3      | Noticed Sigmund
  2759 | D:3      | Killed Sigmund
  2759 | D:3      | Reached skill level 5 in Shields
  2759 | D:3      | Reached skill level 1 in Evocations
  3013 | D:3      | Reached skill level 1 in Spellcasting
  3213 | D:3      | Upgraded the game from 0.25-a0-488-g03579ab4a3 to
                  | 0.25-a0-492-g44cc58d149
  3326 | D:3      | Reached XP level 7. HP: 58/59 MP: 8/8
  3605 | D:3      | Reached skill level 5 in Armour
  3671 | D:3      | Noticed Ijyb
  4039 | D:3      | Killed from afar by Ijyb

Levels and vault maps discovered:
D:1:      onia_arrival_mini_spirals, layout_loops_corners,
          minmay_misc_feat_columns
D:2:      layout_basic, nicolae_overflow_crystal_walls,
          chequers_temple_overflow_minitemple, chequers_ecumenical_altar_twisty
D:3:      minmay_bubble_buster, layout_basic, uniq_sigmund, uniq_ijyb

Skill      XL: |  1  2  3  4  5  6  7 |
---------------+----------------------+-----
Axes           | 3 4 |  4.8
Armour         | 4 5 |  5.2
Shields        | 4 5 |  5.8
Fighting       | 4 |  4.2
Evocations     | 1 |  1.6
Spellcasting   | 1 |  1.0
Throwing       | |  0.2
Dodging        | |  0.3

Action                   |  1- 3 |  4- 6 |  7- 9 || total
-------------------------+-------+-------+-------++-------
Melee: War axe           |   101 |   182 |    72 ||   355
Throw: Boomerang         |       |    16 |     3 ||    19
  Use: Scroll            |       |     4 |       ||     4
       Potion            |       |     2 |     2 ||     4
  Eat: Chunk             |     3 |     2 |     1 ||     6
       Ration            |       |     1 |       ||     1
Armor: Scale mail        |    43 |     2 |       ||    45
       Plate armour      |       |    90 |    98 ||   188
Dodge: Dodged            |    25 |    28 |    15 ||    68
Block: Kite shield       |    50 |    95 |    54 ||   199

Table legend:
 A = Non-vault XP
 B = Vault XP
 C = Vault XP percentage of total XP
 D = Non-vault monster count
 E = Vault monster count
 F = Vault count percentage of total count
                 A         B        C        D         E       F
            +---------+---------+-------+---------+---------+-------
      Total |     417 |     335 |  44.5 |      69 |      12 |  14.8
            +---------+---------+-------+---------+---------+-------
        D:1 |      33 |       0 |   0.0 |      17 |       0 |   0.0
        D:2 |      74 |       0 |   0.0 |      19 |       0 |   0.0
        D:3 |     310 |     335 |  51.9 |      33 |      12 |  26.7
            +---------+---------+-------+---------+---------+-------
